[Event "Titled Tuesday Blitz July 11 Early 2023"]
[White "Kashefi, Amir Hosein"]
[Black "Jaskolka, Tomasz"]
[WhiteFideId "12557935"]
[BlackFideId "1170791"]
[WhiteElo "2398"]
[BlackElo "2528"]
[Result "1-0"]
[Round "8"]
[TimeControl "180+2"]
[Date "2023.07.11"]
[WhiteClock "0:01:35"]
[BlackClock "0:00:11"]
[Board "115"]

1. d4 e6 2. Nf3 f5 3. g3 Nf6 4. Bg2 Be7 5. O-O O-O 6. b3 d6 7. Bb2 Qe8 8. c4 Qh5 9. Nc3 a5 10. e3 Nc6 11. Ne2 Ne4 12. Nf4 Qf7 13. d5 Nd8 14. dxe6 Nxe6 15. Nxe6 Bxe6 16. Nd4 Bd7 17. Qc2 Bf6 18. Rad1 Rae8 19. a3 Kh8 20. b4 axb4 21. axb4 Qh5 22. Ne2 Ng5 23. Nf4 Nf3+ 24. Bxf3 Qxf3 25. Bxf6 Rxf6 26. b5 Rh6 27. Rd4 b6 28. Qe2 Qb7 29. Ra1 g5 30. Nd5 f4 31. Qb2 Kg8 32. exf4 g4 33. f5 Bxf5 34. Rf4 Rf8 35. Ne7+ Kf7 36. Nxf5 Rf6 37. Qxf6+ Kxf6 38. Nxd6+ Ke5 39. Nxb7 Rb8 40. Re1# 1-0


[Site "https://www.chess.com"]

[Event "Titled Tuesday Blitz July 11 Early 2023"]
[White "Demin, Vladimir"]
[Black "Llanos, Guillermo"]
[WhiteFideId "4167457"]
[BlackFideId "100358"]
[WhiteElo "2526"]
[BlackElo "2394"]
[Result "1-0"]
[Round "8"]
[TimeControl "180+2"]
[Date "2023.07.11"]
[WhiteClock "0:01:06"]
[BlackClock "0:00:25"]
[Board "116"]

1. d4 Nf6 2. Nc3 d6 3. e4 e5 4. Nf3 Nbd7 5. Bc4 Be7 6. O-O O-O 7. a4 a6 8. h3 b6 9. Re1 Bb7 10. Qd3 exd4 11. Qxd4 Ne5 12. Nxe5 dxe5 13. Qxe5 Re8 14. Qf4 Qd4 15. e5 Qxf4 16. Bxf4 Nh5 17. e6 f5 18. Be5 g6 19. Rad1 Bc6 20. Nd5 b5 21. Ba2 Bxd5 22. Bxd5 Rac8 23. Bc6 1-0


[Site "https://www.chess.com"]

[Event "Titled Tuesday Blitz July 11 Early 2023"]
[White "MAHanif"]
[Black "Malyi, Viacheslav"]
[BlackFideId "14123983"]
[WhiteElo "2387"]
[BlackElo "2522"]
[Result "0-1"]
[Round "8"]
[TimeControl "180+2"]
[Date "2023.07.11"]
[WhiteClock "0:00:01"]
[BlackClock "0:00:32"]
[Board "117"]

1. d4 Nf6 2. Nf3 g6 3. g3 d6 4. Bg2 Bg7 5. O-O O-O 6. c3 c6 7. Nbd2 Qa5 8. Re1 Qh5 9. Qb3 Nbd7 10. e4 e5 11. Nc4 exd4 12. cxd4 d5 13. Nd6 Nxe4 14. Nxc8 Raxc8 15. Qxb7 Ndf6 16. Qxa7 Ng4 17. Be3 Nxe3 18. fxe3 c5 19. Qd7 Rfd8 20. Qh3 Qxh3 21. Bxh3 f5 22. Rac1 c4 23. Rc2 Ra8 24. a3 Rdb8 25. Ne5 Bxe5 26. dxe5 Kf7 27. Bg2 Ke6 28. Bxe4 fxe4 29. Rd1 Kxe5 30. Rcd2 Ra5 31. Rc1 Rb3 32. Kf2 Rab5 33. Rcc2 Rd3 34. Re2 Rbb3 35. Rcd2 g5 36. g4 h6 37. Rc2 Rb7 38. Rc1 Rf7+ 39. Kg2 Rf3 40. Rce1 Kd6 41. Kg1 Kc5 42. Kg2 Kb5 43. Kg1 Ka4 44. Kg2 Kb3 45. Kg1 c3 46. bxc3 Rxc3 47. Rb1+ Kc4 48. Rd1 Rfxe3 49. Rxe3 Rxe3 50. Rc1+ Kd4 51. a4 Ra3 52. Rc6 Ke3 53. Kg2 d4 54. Rxh6 d3 55. Rd6 Ke2 56. h4 gxh4 57. g5 Rxa4 58. g6 e3 59. Kh3 Ra7 60. Kxh4 d2 61. Kg5 Ke1 62. Kh6 d1=Q 63. Rxd1+ Kxd1 64. g7 Rxg7 65. Kxg7 e2 0-1


[Site "https://www.chess.com"]

[Event "Titled Tuesday Blitz July 11 Early 2023"]
[White "Chor, Kevin"]
[Black "Bueno, Alfeu Junior Varela"]
[WhiteFideId "2090740"]
[BlackFideId "2108879"]
[WhiteElo "2506"]
[BlackElo "2380"]
[Result "1-0"]
[Round "8"]
[TimeControl "180+2"]
[Date "2023.07.11"]
[WhiteClock "0:00:11"]
[BlackClock "0:00:04"]
[Board "118"]

1. e4 e6 2. d4 d5 3. Nd2 Nf6 4. e5 Nfd7 5. Bd3 c5 6. c3 Nc6 7. Ne2 cxd4 8. cxd4 f6 9. exf6 Nxf6 10. Nf3 Bd6 11. O-O Qc7 12. Bg5 O-O 13. Bh4 Nh5 14. Bg3 Nxg3 15. Nxg3 g6 16. Bb5 Qg7 17. Bxc6 bxc6 18. Rc1 Bd7 19. Re1 Qf6 20. Qc2 Rfc8 21. Ne5 Be8 22. Qd3 c5 23. Nf3 cxd4 24. Nxd4 Be5 25. Nf3 Bxb2 26. Rb1 Rab8 27. h4 Bb5 28. Qe3 d4 29. Qh6 d3 30. Ng5 Bd7 31. Qxh7+ Kf8 32. Re3 d2 33. Rf3 Rc1+ 34. Kh2 Be8 35. Nxe6# 1-0


[Site "https://www.chess.com"]

[Event "Titled Tuesday Blitz July 11 Early 2023"]
[White "Reprintsev, Alexander"]
[Black "Harriott, Tyrell"]
[WhiteFideId "14100541"]
[BlackFideId "2086484"]
[WhiteElo "2495"]
[BlackElo "2380"]
[Result "1-0"]
[Round "8"]
[TimeControl "180+2"]
[Date "2023.07.11"]
[WhiteClock "0:00:08"]
[BlackClock "0:00:18"]
[Board "119"]

1. e4 d6 2. d4 Nf6 3. Nc3 Nbd7 4. Be2 e5 5. g4 h6 6. h3 c6 7. Nf3 Be7 8. Be3 Qa5 9. Qd2 Qc7 10. O-O-O Qa5 11. Kb1 b5 12. Bd3 b4 13. Ne2 Nb6 14. dxe5 dxe5 15. g5 Be6 16. Nc1 hxg5 17. Nxg5 Nc4 18. Qe2 Nxe3 19. fxe3 Bd7 20. Bc4 Rf8 21. Nb3 Qb6 22. Rhf1 a5 23. h4 a4 24. Nd2 b3 25. cxb3 a3 26. bxa3 Rxa3 27. Nxf7 Rxf7 28. Bxf7+ Kxf7 29. Nc4 Qb5 30. Rxd7 Ke8 31. Rd2 Ra8 32. h5 Rb8 33. h6 gxh6 34. Rxf6 Bxf6 35. Nd6+ Ke7 36. Nxb5 cxb5 37. Qh5 Rg8 38. Qxh6 Rf8 39. Kc2 Rc8+ 40. Kd1 Rg8 41. Qh7+ Rg7 42. Qf5 Ke8 43. Rd6 Be7 44. Re6 Rg2 45. Qxe5 Rg1+ 46. Ke2 Rg2+ 47. Kf1 Rd2 48. Rxe7+ Kd8 49. Re6 b4 50. Rd6+ Kc8 51. Rxd2 Kb7 52. Rd6 Kc8 53. Qe7 1-0


[Site "https://www.chess.com"]

[Event "Titled Tuesday Blitz July 11 Early 2023"]
[White "Ljukin, Sergei"]
[Black "Mayaud, Raphael"]
[WhiteFideId "14102200"]
[BlackFideId "627151"]
[WhiteElo "2493"]
[BlackElo "2379"]
[Result "1/2-1/2"]
[Round "8"]
[TimeControl "180+2"]
[Date "2023.07.11"]
[WhiteClock "0:00:59"]
[BlackClock "0:00:58"]
[Board "120"]

1. e4 d5 2. exd5 Qxd5 3. Nc3 Qa5 4. d4 c6 5. Bc4 Nf6 6. Bd2 Bf5 7. Qe2 Qc7 8. O-O-O e6 9. h3 Nbd7 10. g4 Bg6 11. f4 O-O-O 12. Nf3 Bb4 13. Ne5 Nxe5 14. dxe5 Nd5 15. Nxd5 Bxd2+ 16. Rxd2 cxd5 17. Bd3 Bxd3 18. Rxd3 Kb8 19. f5 Rc8 20. Rf1 Qc4 21. Kb1 Rc6 22. b3 Qc5 23. fxe6 fxe6 24. Rf7 Rhc8 25. Rxg7 Qxc2+ 26. Qxc2 Rxc2 27. Rxh7 Re2 28. Rf3 a6 29. Rff7 Rcc2 30. Rxb7+ Kc8 31. Ra7 Rb2+ 32. Kc1 Rbc2+ 33. Kb1 Rb2+ 34. Kc1 Rbc2+ 35. Kb1 1/2-1/2


[Site "https://www.chess.com"]

[Event "Titled Tuesday Blitz July 11 Early 2023"]
[White "Seletsky, Grigory"]
[Black "Manukian, Artak"]
[WhiteFideId "14112191"]
[BlackFideId "13301373"]
[WhiteElo "2376"]
[BlackElo "2489"]
[Result "1/2-1/2"]
[Round "8"]
[TimeControl "180+2"]
[Date "2023.07.11"]
[WhiteClock "0:00:05"]
[BlackClock "0:00:48"]
[Board "121"]

1. d4 d5 2. c4 dxc4 3. Nc3 c5 4. d5 e6 5. e4 exd5 6. exd5 Nf6 7. Bxc4 Bd6 8. Nf3 O-O 9. O-O Bg4 10. Bg5 Re8 11. h3 Bh5 12. g4 Bg6 13. Nh4 h6 14. Nxg6 fxg6 15. Bd2 g5 16. Qb3 Nbd7 17. Nb5 Ne5 18. Rfe1 a6 19. Nxd6 Qxd6 20. Rxe5 Rxe5 21. Qxb7 Rae8 22. Qxa6 Qxa6 23. Bxa6 Nxd5 24. Bc4 Kh8 25. Bxd5 Rxd5 26. Bc3 Red8 27. a4 Rd1+ 28. Rxd1 Rxd1+ 29. Kg2 Kg8 30. Kf3 Kf7 31. Ke4 g6 32. a5 Ke6 33. Kf3 Kd5 34. Kg2 Ra1 35. Kf3 Ra4 36. Ke3 h5 37. f3 Ra1 38. Kf2 Kc4 39. Kg2 Kd3 40. Bf6 Rxa5 41. Bxg5 c4 42. Bf6 Kc2 43. Kg3 Rb5 44. f4 hxg4 45. hxg4 Rxb2 46. Bxb2 Kxb2 47. f5 gxf5 48. gxf5 c3 49. f6 c2 50. f7 c1=Q 51. f8=Q Qg1+ 52. Kh3 Qh1+ 53. Kg3 Qe1+ 54. Kh3 Qe3+ 55. Kg2 Qe4+ 56. Qf3 Qc2+ 57. Qf2 Kc3 58. Qxc2+ Kxc2 1/2-1/2


[Site "https://www.chess.com"]

[Event "Titled Tuesday Blitz July 11 Early 2023"]
[White "Ahn, Hongjin"]
[Black "Novikov, Evgenij"]
[WhiteFideId "13201492"]
[BlackFideId "4125380"]
[WhiteElo "2378"]
[BlackElo "2486"]
[Result "0-1"]
[Round "8"]
[TimeControl "180+2"]
[Date "2023.07.11"]
[WhiteClock "0:00:00"]
[BlackClock "0:02:16"]
[Board "122"]

1. e4 c5 2. d3 Nc6 3. f4 g6 4. Nf3 Bg7 5. g3 Nh6 6. Bg2 O-O 7. O-O f5 8. e5 d6 9. Re1 dxe5 10. fxe5 Ng4 11. Bf4 Ncxe5 12. Nbd2 Nxf3+ 13. Nxf3 Bxb2 14. h3 Bf6 15. hxg4 fxg4 16. Nd2 Bxa1 17. Qxa1 Bf5 18. c4 Qxd3 19. Bc6 bxc6 20. Bh6 Qxg3+ 0-1


[Site "https://www.chess.com"]

[Event "Titled Tuesday Blitz July 11 Early 2023"]
[White "Postlmayer, Jakob"]
[Black "Nithyalakshmi, Sivanesan"]
[WhiteFideId "1643622"]
[BlackFideId "5706955"]
[WhiteElo "2486"]
[BlackElo "2368"]
[Result "1-0"]
[Round "8"]
[TimeControl "180+2"]
[Date "2023.07.11"]
[WhiteClock "0:00:19"]
[BlackClock "0:00:00"]
[Board "123"]

1. d4 Nf6 2. c4 c5 3. d5 b5 4. cxb5 a6 5. e3 e6 6. Nc3 exd5 7. Nxd5 Bb7 8. Nxf6+ Qxf6 9. Nf3 Be7 10. Be2 O-O 11. O-O axb5 12. Bxb5 d5 13. a4 Nc6 14. Qxd5 Rad8 15. Qh5 Nb4 16. a5 Rd5 17. Qg4 h5 18. Qe4 Bd6 19. a6 Ba8 20. Qh4 Qg6 21. e4 Rd3 22. Qg5 Qxe4 23. Be3 Nc2 24. Ra4 c4 25. Rxc4 Nd4 26. Rxd4 Rxd4 27. Bxd4 f6 28. Bc4+ 1-0


[Site "https://www.chess.com"]

[Event "Titled Tuesday Blitz July 11 Early 2023"]
[White "Namitbir Singh Walia"]
[Black "Romero Arzuaga, Yudel"]
[WhiteFideId "35071068"]
[BlackFideId "3521010"]
[WhiteElo "2478"]
[BlackElo "2325"]
[Result "0-1"]
[Round "8"]
[TimeControl "180+2"]
[Date "2023.07.11"]
[WhiteClock "0:00:10"]
[BlackClock "0:00:33"]
[Board "125"]

1. e4 d5 2. exd5 Qxd5 3. Nc3 Qd8 4. Nf3 Bg4 5. Bc4 e6 6. d4 c6 7. Bf4 Nd7 8. Qd3 Ngf6 9. O-O-O Bb4 10. Ne4 Bf5 11. Nxf6+ Nxf6 12. Qe2 O-O 13. Ne5 Nd5 14. Bd2 Bxd2+ 15. Rxd2 f6 16. Ng4 b5 17. Bd3 Nf4 18. Qf3 Nxd3+ 19. cxd3 Qxd4 20. Ne3 Bg6 21. Nc2 Qd5 22. Qxd5 cxd5 23. Nd4 e5 24. Nxb5 Rab8 25. Na3 e4 26. dxe4 dxe4 27. b3 Rfc8+ 28. Kb2 a5 29. Rc1 Rxc1 30. Kxc1 a4 31. Kb2 axb3 32. axb3 Bf7 33. Nb5 Bxb3 34. Kxb3 Rxb5+ 35. Kc4 Rb7 36. g4 Rc7+ 37. Kd4 Rd7+ 38. Ke3 Rxd2 39. Kxd2 g6 40. Ke3 Kf7 41. Kxe4 Ke6 42. Kd4 f5 43. g5 Kf7 44. Ke5 Ke7 45. f3 Kf7 46. Kd6 h6 47. gxh6 Kg8 48. Ke7 Kh7 49. Kf6 Kxh6 50. f4 Kh5 51. h3 Kh6 52. Kf7 g5 0-1


[Site "https://www.chess.com"]

[Event "Titled Tuesday Blitz July 11 Early 2023"]
[White "Nikologorsky, Matfei"]
[Black "Baches Garcia, Guillermo"]
[WhiteFideId "24102474"]
[BlackFideId "2209764"]
[WhiteElo "2420"]
[BlackElo "2477"]
[Result "1-0"]
[Round "8"]
[TimeControl "180+2"]
[Date "2023.07.11"]
[WhiteClock "0:00:20"]
[BlackClock "0:00:00"]
[Board "126"]

1. e4 d5 2. exd5 Qxd5 3. Nc3 Qa5 4. d4 Nf6 5. Nf3 Bf5 6. h3 e6 7. Bc4 c6 8. O-O Bd6 9. Nh4 Bg6 10. Nxg6 hxg6 11. Qf3 Qf5 12. Qe2 Nbd7 13. a4 Nd5 14. Ne4 Be7 15. g4 Nf4 16. gxf5 Nxe2+ 17. Bxe2 gxf5 18. Ng5 Bxg5 19. Bxg5 Rxh3 20. Kg2 Rh8 21. Rh1 Rg8 22. a5 Nf6 23. Bxf6 gxf6+ 24. Kf3 O-O-O 25. c3 e5 26. Rad1 Rg4 27. dxe5 Rxd1 28. Bxd1 fxe5 29. a6 bxa6 30. Rh7 e4+ 31. Ke3 Rg1 32. Be2 Rb1 33. Bxa6+ Kd7 34. Rxf7+ Ke6 35. Bc4+ Ke5 36. Re7+ Kd6 37. Rb7 a5 38. Kf4 Kc5 39. Ba6 a4 40. Kxf5 Re1 41. Rb4 a3 42. bxa3 e3 43. fxe3 Rxe3 44. Rc4+ Kb6 45. Bc8 c5 46. a4 Re7 47. Be6 Re8 48. Ke5 Rh8 49. Kd6 Rh6 50. Rxc5 1-0


[Site "https://www.chess.com"]

[Event "Titled Tuesday Blitz July 11 Early 2023"]
[White "Kopczynski, Michal"]
[Black "Xavier_mompel"]
[WhiteFideId "1124200"]
[WhiteElo "2467"]
[BlackElo "2268"]
[Result "1-0"]
[Round "8"]
[TimeControl "180+2"]
[Date "2023.07.11"]
[WhiteClock "0:01:41"]
[BlackClock "0:01:06"]
[Board "127"]

1. e4 c5 2. d4 cxd4 3. c3 dxc3 4. Nxc3 Nc6 5. f4 e6 6. Nf3 d6 7. Bd3 Nf6 8. O-O Be7 9. Kh1 O-O 10. Qe1 b6 11. Be3 Bb7 12. Rd1 Qc7 13. Qg3 Rad8 14. e5 dxe5 15. fxe5 Nd5 16. Bh6 g6 17. Ne4 f5 18. exf6 Qxg3 19. fxe7 Qc7 20. exf8=Q+ Rxf8 21. Bxf8 Kxf8 22. Nfg5+ Ke8 23. Nxe6 Qe7 24. Rde1 Kd7 25. Nf8+ Kc7 26. Nc3 Qc5 27. Ne6+ Kd6 28. Nxc5 Nxc3 29. Nxb7+ 1-0


[Site "https://www.chess.com"]

[Event "Titled Tuesday Blitz July 11 Early 2023"]
[White "Tagliata"]
[Black "Mmukka"]
[WhiteElo "2221"]
[BlackElo "2452"]
[Result "1-0"]
[Round "8"]
[TimeControl "180+2"]
[Date "2023.07.11"]
[WhiteClock "0:00:24"]
[BlackClock "0:00:00"]
[Board "128"]

1. e4 d6 2. d4 Nf6 3. Nc3 e5 4. Nf3 Nbd7 5. Rg1 g6 6. g4 Bg7 7. g5 Nh5 8. Be3 O-O 9. Bc4 c6 10. Bb3 Re8 11. Qd3 exd4 12. Bxd4 Ne5 13. Bxe5 dxe5 14. O-O-O Qxd3 15. Rxd3 Nf4 16. Rd6 Be6 17. Bxe6 Nxe6 18. Rd7 Nc5 19. Rc7 Rac8 20. Rxc8 Rxc8 21. Rd1 a5 22. b3 Kf8 23. a3 Ke7 24. b4 axb4 25. axb4 Ne6 26. Kb2 b5 27. Kb3 f6 28. gxf6+ Bxf6 29. Ra1 Rc7 30. Ra8 g5 31. Ne2 h5 32. Ne1 h4 33. Ng2 c5 34. Ne3 Kf7 35. Nd5 Rd7 36. c3 g4 37. Rb8 c4+ 38. Kb2 Ng5 39. Rxb5 Nxe4 40. Ng1 Nxf2 41. Kc2 e4 42. Ne2 Nd3 43. Ne3 Ne1+ 44. Kc1 g3 45. hxg3 hxg3 46. Nxg3 Bxc3 47. Ngf5 Bd2+ 48. Kb1 Bxe3 49. Nxe3 c3 50. Rc5 c2+ 51. Nxc2 Nd3 52. Rc6 Rb7 53. Rc4 Re7 54. Ne3 Kf8 55. Kc2 Rb7 56. Kb3 1-0


[Site "https://www.chess.com"]

[Event "Titled Tuesday Blitz July 11 Early 2023"]
[White "Zheenbekov, Nurgazy"]
[Black "Kiselev, Pavel"]
[WhiteFideId "13800485"]
[BlackFideId "4191102"]
[WhiteElo "2445"]
[BlackElo "2263"]
[Result "1-0"]
[Round "8"]
[TimeControl "180+2"]
[Date "2023.07.11"]
[WhiteClock "0:00:06"]
[BlackClock "0:00:00"]
[Board "129"]

1. e4 c5 2. f4 Nc6 3. Nf3 d6 4. g3 Nf6 5. d3 g6 6. Bg2 Bg7 7. O-O O-O 8. Nc3 Bd7 9. h3 Qc8 10. g4 a6 11. f5 b5 12. Qe1 b4 13. Nd5 Nxd5 14. exd5 Nd4 15. Nxd4 Bxd4+ 16. Kh1 Re8 17. Be4 Be5 18. Qh4 Rb8 19. fxg6 hxg6 20. Rxf7 Kxf7 21. Qh7+ Bg7 22. Bxg6+ Kf6 23. g5+ Ke5 24. Qxg7+ Kxd5 25. Be4+ Ke6 26. Qg6+ Ke5 27. b3 d5 28. Bb2+ d4 29. Qg7+ Kd6 30. Bc1 e5 31. a3 Kc7 32. axb4 Rxb4 33. Bd2 Rb5 34. Ba5+ Kb8 35. Qf6 Re6 36. Qg7 Qe8 37. Rf1 Ka7 38. Rf7 Re7 39. Rxe7 Qc8 40. Rxd7+ 1-0


[Site "https://www.chess.com"]

[Event "Titled Tuesday Blitz July 11 Early 2023"]
[White "Matute Escobar, Roxanny"]
[Black "Nunez V, Gustavo Eduardo"]
[WhiteFideId "3926028"]
[BlackFideId "4403690"]
[WhiteElo "2217"]
[BlackElo "2444"]
[Result "0-1"]
[Round "8"]
[TimeControl "180+2"]
[Date "2023.07.11"]
[WhiteClock "0:00:11"]
[BlackClock "0:00:24"]
[Board "130"]

1. e4 c5 2. Nf3 Nc6 3. d4 cxd4 4. Nxd4 e5 5. Nb5 a6 6. Nd6+ Bxd6 7. Qxd6 Qf6 8. Qd1 Qg6 9. f3 Nge7 10. c3 d5 11. exd5 Nb8 12. Be3 O-O 13. Na3 Nd7 14. Qd2 Nf6 15. c4 Nf5 16. Bd3 e4 17. Bxe4 Nxe4 18. fxe4 Nxe3 19. Qxe3 Qxg2 20. O-O-O Re8 21. Rde1 Bf5 22. Rhg1 Qxe4 23. Qg3 Qd4 24. Rd1 Qe3+ 25. Qxe3 Rxe3 26. Rd2 Rc8 27. d6 Bd7 28. Kd1 b5 29. b3 g6 30. Rg5 f5 31. h4 Kf7 32. h5 Kf6 33. Rg1 g5 34. Nc2 Rh3 35. cxb5 axb5 36. Nd4 Rxh5 37. Rc2 Rh4 38. Rxc8 Rxd4+ 39. Ke2 Bxc8 40. Rc1 Bd7 41. Rc5 Rxd6 42. Kf3 Re6 0-1


[Site "https://www.chess.com"]

[Event "Titled Tuesday Blitz July 11 Early 2023"]
[White "Kiseleva, Arina"]
[Black "Kukreja Sankalp"]
[WhiteFideId "4164989"]
[BlackFideId "45027676"]
[WhiteElo "2201"]
[BlackElo "2440"]
[Result "0-1"]
[Round "8"]
[TimeControl "180+2"]
[Date "2023.07.11"]
[WhiteClock "0:00:00"]
[BlackClock "0:00:33"]
[Board "131"]

1. d4 d5 2. Nf3 Nf6 3. e3 Bf5 4. Bd3 Bxd3 5. cxd3 e6 6. O-O Bd6 7. Re1 c5 8. dxc5 Bxc5 9. Qa4+ Qd7 10. Qh4 Nc6 11. e4 Nb4 12. e5 Nxd3 13. exf6 Bxf2+ 14. Qxf2 Nxf2 15. fxg7 Rg8 16. Kxf2 Rxg7 17. Nc3 Rc8 18. Bf4 Rg4 19. g3 Qe7 20. Nxd5 Rc2+ 21. Kf1 Qc5 22. Nf6+ Ke7 23. Nxg4 h5 24. Ne3 Rxb2 25. Rad1 Qc6 26. Ng1 Kf8 27. Bg5 Qa6+ 0-1


[Site "https://www.chess.com"]

[Event "Titled Tuesday Blitz July 11 Early 2023"]
[White "Begunov, Konstantin"]
[Black "Roque Sola, Gisela"]
[WhiteFideId "4118510"]
[BlackFideId "5120241"]
[WhiteElo "2434"]
[BlackElo "2169"]
[Result "1-0"]
[Round "8"]
[TimeControl "180+2"]
[Date "2023.07.11"]
[WhiteClock "0:00:54"]
[BlackClock "0:00:05"]
[Board "132"]

1. d4 Nf6 2. c4 g6 3. f3 d5 4. cxd5 Nxd5 5. e4 Nb6 6. Nc3 Bg7 7. Be3 O-O 8. Qd2 Nc6 9. O-O-O Na5 10. b3 Bd7 11. h4 Rc8 12. h5 c5 13. dxc5 Qc7 14. hxg6 fxg6 15. Kb1 Rfd8 16. cxb6 Qxc3 17. Qxc3 Rxc3 18. Bd2 Rc5 19. b4 Ba4 20. bxc5 Nc6 21. Bc4+ Kh8 22. Bb3 Bxb3 23. axb3 Nd4 24. Bc3 1-0


[Site "https://www.chess.com"]

[Event "Titled Tuesday Blitz July 11 Early 2023"]
[White "Sailer, Mike"]
[Black "Stork, Oliver"]
[WhiteFideId "2012901"]
[BlackFideId "12955728"]
[WhiteElo "2159"]
[BlackElo "2428"]
[Result "0-1"]
[Round "8"]
[TimeControl "180+2"]
[Date "2023.07.11"]
[WhiteClock "0:00:00"]
[BlackClock "0:00:16"]
[Board "133"]

1. d4 Nf6 2. Nc3 d5 3. Bf4 g6 4. Nf3 Bg7 5. e3 O-O 6. Ne5 c5 7. Be2 Nc6 8. O-O cxd4 9. exd4 Qb6 10. Nxc6 bxc6 11. Na4 Qd8 12. Be5 Bf5 13. c3 h5 14. b4 h4 15. h3 Qc8 16. Nc5 Ne4 17. Nxe4 Bxe5 18. Nc5 Bd6 19. Ba6 Qc7 20. Bd3 Qc8 21. Bxf5 Qxf5 22. Qd2 a5 23. a3 axb4 24. axb4 Bxc5 25. dxc5 e5 26. Rxa8 Rxa8 27. Qb2 e4 28. Ra1 Rxa1+ 29. Qxa1 Qf6 0-1


[Site "https://www.chess.com"]

[Event "Titled Tuesday Blitz July 11 Early 2023"]
[White "Mangialardo, Tiago Carvalho"]
[Black "Herman, Daniel"]
[WhiteFideId "2130718"]
[BlackFideId "30935008"]
[WhiteElo "2150"]
[BlackElo "2426"]
[Result "0-1"]
[Round "8"]
[TimeControl "180+2"]
[Date "2023.07.11"]
[WhiteClock "0:00:00"]
[BlackClock "0:00:36"]
[Board "134"]

1. e4 e6 2. d4 d5 3. exd5 exd5 4. c4 Nf6 5. Nc3 Bd6 6. Nf3 O-O 7. c5 Be7 8. Be2 Bf5 9. O-O c6 10. Ne5 Nbd7 11. Bf4 Nxe5 12. Bxe5 Qd7 13. Bd3 Rfe8 14. f3 h6 15. Re1 b6 16. b4 a5 17. a3 axb4 18. Bxf5 Qxf5 19. axb4 bxc5 20. bxc5 Rxa1 21. Qxa1 Bf8 22. Qb1 Qxb1 23. Rxb1 Nd7 24. Bg3 g5 25. Rb7 Bg7 26. Bf2 Nxc5 27. dxc5 Bxc3 28. Rc7 Re6 29. h4 gxh4 30. Kf1 Bf6 31. Be1 Kg7 0-1


[Site "https://www.chess.com"]

[Event "Titled Tuesday Blitz July 11 Early 2023"]
[White "Khromkin, Andrey"]
[Black "Hrescak, Ivana"]
[WhiteFideId "4154126"]
[BlackFideId "14613441"]
[WhiteElo "2425"]
[BlackElo "2158"]
[Result "1-0"]
[Round "8"]
[TimeControl "180+2"]
[Date "2023.07.11"]
[WhiteClock "0:00:18"]
[BlackClock "0:00:07"]
[Board "135"]

1. d4 d5 2. c4 c6 3. Nc3 Nf6 4. Nf3 dxc4 5. a4 Bf5 6. Ne5 Nbd7 7. Nxc4 Nb6 8. Ne5 a5 9. f3 Nfd7 10. Nxd7 Qxd7 11. e4 Bg6 12. d5 e6 13. Be3 Nc8 14. Qb3 Bb4 15. dxe6 Qxe6 16. Bc4 Qe5 17. O-O Nd6 18. f4 Qe7 19. f5 Bh5 20. Bd4 Nxc4 21. Qxc4 O-O-O 22. f6 gxf6 23. Bxf6 Qc7 24. Bxh8 Rxh8 25. Rac1 Kb8 26. Nd5 Qe5 27. Nxb4 axb4 28. Qxb4 Qe6 29. Qc5 Rg8 30. Qxh5 Qxe4 31. Qf3 Qd4+ 32. Kh1 Qxa4 33. Qf4+ Qxf4 34. Rxf4 1-0


[Site "https://www.chess.com"]

[Event "Titled Tuesday Blitz July 11 Early 2023"]
[White "whiteglovethief"]
[Black "Winkels, Marcel"]
[BlackFideId "1003887"]
[WhiteElo "2424"]
[BlackElo "2119"]
[Result "1-0"]
[Round "8"]
[TimeControl "180+2"]
[Date "2023.07.11"]
[WhiteClock "0:00:22"]
[BlackClock "0:00:00"]
[Board "136"]

1. d4 Nf6 2. c4 g6 3. Nc3 d5 4. cxd5 Nxd5 5. e4 Nxc3 6. bxc3 Bg7 7. Nf3 c5 8. Rb1 O-O 9. Be2 b6 10. O-O Bb7 11. Qd3 Nd7 12. Bf4 Rc8 13. Qe3 e5 14. dxe5 Re8 15. Rfd1 Qe7 16. Bb5 Bc6 17. Bxc6 Rxc6 18. Rd6 Nb8 19. Rbd1 Qf8 20. c4 h6 21. h4 Rcc8 22. Qa3 Nc6 23. g4 Nxe5 24. Nxe5 Bxe5 25. Bxe5 Rxe5 26. Qxa7 Rxe4 27. f3 Re2 28. Qd7 Rce8 29. h5 g5 30. a4 Qg7 31. R6d2 Rxd2 32. Qxe8+ Kh7 33. Qe4+ 1-0


[Site "https://www.chess.com"]

[Event "Titled Tuesday Blitz July 11 Early 2023"]
[White "Sava, Christiansen-Danut-Eugen"]
[Black "Magallanes, Rey Jomar"]
[WhiteFideId "1210114"]
[BlackFideId "5205948"]
[WhiteElo "2049"]
[BlackElo "2283"]
[Result "1-0"]
[Round "8"]
[TimeControl "180+2"]
[Date "2023.07.11"]
[WhiteClock "0:01:46"]
[BlackClock "0:01:51"]
[Board "137"]

1. d4 d5 2. c4 e6 3. g3 Nf6 4. Bg2 c6 5. Qc2 Be7 6. Nd2 O-O 7. Ngf3 b6 8. O-O Bb7 9. e4 c5 10. cxd5 exd5 11. dxc5 bxc5 12. exd5 Nxd5 13. a3 Nc6 14. Nc4 Rc8 15. Rd1 Nd4 16. Qd3 Bf6 17. Nxd4 cxd4 18. Bd2 Ba6 19. b3 Nb6 20. Ba5 Qe7 21. Bb4 Qd7 22. Bxf8 Rxf8 23. Nxb6 1-0


[Site "https://www.chess.com"]

[Event "Titled Tuesday Blitz July 11 Early 2023"]
[White "GAO"]
[Black "Nagare Kaivalya Sandip"]
[BlackFideId "25957929"]
[WhiteElo "2369"]
[BlackElo "2642"]
[Result "1-0"]
[Round "8"]
[TimeControl "180+2"]
[Date "2023.07.11"]
[WhiteClock "0:01:18"]
[BlackClock "0:00:34"]
[Board "138"]

1. e4 c5 2. Nf3 d6 3. d4 cxd4 4. Nxd4 Nf6 5. Nc3 a6 6. Bd3 e5 7. Nde2 Be7 8. O-O O-O 9. Ng3 b5 10. a4 b4 11. Nd5 Nxd5 12. exd5 f5 13. a5 Nd7 14. Bxf5 Nc5 15. Bxc8 Qxc8 16. Qe2 b3 17. c3 Qb7 18. Rd1 Rac8 19. Ne4 Nxe4 20. Qxe4 Qb5 21. Be3 Rc4 22. Qd3 Rfc8 23. Ra3 Bf6 24. Rc1 e4 25. Qd1 Rb8 26. Bb6 Bg5 27. Rxb3 Qd7 28. Ra1 e3 29. Bxe3 Rxb3 30. Qxb3 1-0


[Site "https://www.chess.com"]

[Event "Titled Tuesday Blitz July 11 Early 2023"]
[White "Bogaudinov, Rushan"]
[Black "Janaszak, Dawid"]
[WhiteFideId "4129288"]
[BlackFideId "1119206"]
[WhiteElo "2339"]
[BlackElo "2560"]
[Result "1-0"]
[Round "8"]
[TimeControl "180+2"]
[Date "2023.07.11"]
[WhiteClock "0:01:00"]
[BlackClock "0:00:57"]
[Board "139"]

1. d4 Nf6 2. c4 e5 3. dxe5 Ng4 4. Nf3 Bc5 5. e3 Nc6 6. Be2 a5 7. Nc3 Ncxe5 8. O-O Ra6 9. Nxe5 Nxe5 10. Ne4 Ba7 11. f4 Ng6 12. c5 Re6 13. Bd3 d5 14. cxd6 f5 15. dxc7 Qxc7 16. Bb5+ Kf8 17. Ng5 Rd6 18. Qb3 h6 19. Nf3 Be6 20. Qc3 Qxc3 21. bxc3 Nxf4 22. Ba3 Bxe3+ 23. Kh1 Ke7 24. Rad1 Rd8 25. Rxd6 Rxd6 26. Rd1 Bd5 27. c4 Nh3 28. Bxd6+ Kf7 29. Rxd5 Nf2+ 30. Kg1 Ne4+ 31. Kf1 Nc3 32. Rxf5+ 1-0


[Site "https://www.chess.com"]

[Event "Titled Tuesday Blitz July 11 Early 2023"]
[White "Szente Varga, Fruzsina"]
[Black "Girya, Olga"]
[WhiteFideId "712264"]
[BlackFideId "4195752"]
[WhiteElo "2323"]
[BlackElo "2548"]
[Result "0-1"]
[Round "8"]
[TimeControl "180+2"]
[Date "2023.07.11"]
[WhiteClock "0:00:06"]
[BlackClock "0:00:36"]
[Board "140"]

1. e4 e5 2. Nf3 Nc6 3. Bb5 a6 4. Ba4 Nf6 5. Qe2 Bc5 6. O-O d6 7. c3 O-O 8. Rd1 Re8 9. d3 h6 10. Nbd2 b5 11. Bc2 d5 12. Nf1 Be6 13. Ng3 Bb6 14. h3 Qd7 15. Nh2 Rad8 16. Nh5 Qe7 17. Nxf6+ Qxf6 18. Be3 Bxe3 19. Qxe3 d4 20. Qe2 Rd6 21. Ng4 Bxg4 22. Qxg4 dxc3 23. bxc3 b4 24. Bb3 bxc3 25. Rac1 Nd4 26. Bc4 g6 27. Re1 c2 28. Qg3 Rb8 29. Qe3 Kg7 30. Rf1 Rb2 31. f4 exf4 32. Rxf4 Qxf4 0-1


[Site "https://www.chess.com"]